 Dungeon Crawl Stone Soup version 0.23.0-3-gf3c87f2 (webtiles) character file.

Game seed: 16877854864136989038

136 xccam the Insei (level 5, -3/33 HPs)
             Began as an Octopode Transmuter on Feb 21, 2019.
             Slain by Grinder (7 damage)
             ... while paralysed by Grinder
             ... on level 3 of the Dungeon.
             The game lasted 00:09:33 (2115 turns).

xccam the Insei (Octopode Transmuter)               Turns: 2115, Time: 00:09:34

Health: -3/33      AC:  1    Str: 10    XL:     5   Next: 19%
Magic:  4/8        EV:  2    Int: 15    God:
Gold:   181        SH:  0    Dex: 13    Spells: 5/8 levels left

rFire    + . .     SeeInvis .     - Unarmed
rCold    + . .     Gourm    .   (no shield)
rNeg     . . .     Faith    .   (helmet restricted)
rPois    .         Spirit   .   (no amulet)
rElec    .         Reflect  .   (no ring)
rCorr    .         Harm     .   (no ring)
MR       .....                  (no ring)
Stlth    +++.......             (no ring)
HPRegen  0.11/turn              (no ring)
MPRegen  0.11/turn              (no ring)
                                (no ring)
                                (no ring)

@: paralysed
A: almost no armour, stealthy swim, amphibious, 8 rings, constrict 8, camouflage
1, cold resistance 1, fire resistance 1, gelatinous body 1
a: no special abilities


You were on level 3 of the Dungeon.
You were hungry.

You visited 1 branch of the dungeon, and saw 3 of its levels.

You collected 181 gold pieces.

Inventory:

Missiles
 a - 33 arrows
Scrolls
 b - a scroll of noise {unknown}
 d - 2 scrolls of immolation {unknown}
 e - 3 scrolls of identify {unknown}
 f - a scroll of remove curse {unknown}
 g - 2 scrolls of fear {unknown}
 j - a scroll of magic mapping {unknown}
Potions
 k - a potion of flight
Comestibles
 c - 5 rations


   Skills:
 - Level 1.0 Fighting
 - Level 2.0 Dodging
 + Level 3.3 Stealth
 * Level 4.6 Unarmed Combat
 - Level 2.0 Spellcasting
 * Level 2.8 Transmutations


You had 5 spell levels left.
You knew the following spells:

 Your Spells              Type           Power        Failure   Level  Hunger
a - Beastly Appendage     Tmut           ##....       7%          1    #......
b - Sticks to Snakes      Tmut           ##......     11%         2    ###....

Your spell library contained the following spells:

 Spells                   Type           Power        Failure   Level  Hunger
 Spider Form              Tmut/Pois      #.........   36%         3    ###....
 Ice Form                 Ice/Tmut       #.......     77%         4    #####..
 Blade Hands              Tmut           ##........   88%         5    ######.


Dungeon Overview and Level Annotations

Branches:
Dungeon (3/15)

Altars:
Elyvilon

Annotations:
D:2 1 runed translucent door, Crazy Yiuf
D:3 Grinder


Innate Abilities, Weirdness & Mutations

You cannot wear most types of armour.
You are very stealthy in the water. (Stealth+)
You are amphibious.
You can wear up to eight rings at the same time.
You can use your tentacles to constrict eight enemies at once.
Your skin changes colour to match your surroundings (Stealth+).
Your rubbery body absorbs attacks. (AC +1, EV +1)
Your flesh is cold resistant. (rC+)
Your flesh is heat resistant. (rF+)


Message History

Your ball python cannot move out of your way!
Unknown command.
Your ball python cannot move out of your way!
Unknown command.
Grinder gestures at you.
Your ball python writhes in agony!
Your ball python dies!
Unknown command.
Casting: Sticks to Snakes (safe; 11% risk of failure)
Confirm with . or Enter, or press ? or * to list all spells.
You create a snake!
You now have 33 arrows.
Grinder gestures at you.
You suddenly lose the ability to move!
Grinder hits you. Grinder hits you!
You writhe in agony.
Grinder hits you!
* * * LOW HITPOINT WARNING * * *
You writhe in agony.
* * * LOW HITPOINT WARNING * * *
Grinder hits you!
You die...

'..........##
####....>.##
##....##
##.### #.# #.#
#.# #.########
#.# #.....S@<#
#.#
...#####5###.#
#.......#
#.#.#####
#.#.# # #.#
#.# ..# ###


You could see Grinder and a friendly adder.

Vanquished Creatures
  A jelly (D:2)
  Natasha (D:3)
  2 adders
  3 worms (D:2)
  4 leopard geckos
  2 giant cockroaches
  8 goblins
  6 hobgoblins
  4 jackals (D:2)
  5 kobolds
  A quokka (D:2)
  4 bats
  3 frilled lizards
  5 rats
49 creatures vanquished.

Notes
Turn   | Place    | Note
-------+----------+-------------------------------------------
     0 | D:1      | xccam the Octopode Transmuter began the quest for the Orb.
     0 | D:1      | Reached XP level 1. HP: 13/13 MP: 3/3
     5 | D:1      | Noticed an electric eel
    10 | D:1      | Noticed an electric eel
    95 | D:1      | Reached skill level 1 in Stealth
   103 | D:1      | Reached XP level 2. HP: 16/18 MP: 5/5
   223 | D:1      | Learned a level 2 spell: Sticks to Snakes
   543 | D:2      | Reached XP level 3. HP: 17/23 MP: 6/6
   646 | D:2      | Found a runed translucent door.
   647 | D:2      | Noticed Crazy Yiuf
  1032 | D:2      | Gained mutation: Your flesh is cold resistant. (rC+)
                  | [potion of mutation]
  1032 | D:2      | Gained mutation: Your flesh is heat resistant. (rF+)
                  | [potion of mutation]
  1034 | D:2      | Reached skill level 4 in Unarmed Combat
  1069 | D:2      | Reached XP level 4. HP: 5/28 MP: 7/7
  1689 | D:3      | Noticed Natasha
  1693 | D:3      | Killed Natasha
  1693 | D:3      | Reached XP level 5. HP: 33/33 MP: 8/8
  1808 | D:3      | Found a white marble altar of Elyvilon.
  2092 | D:3      | Noticed Grinder
  2107 | D:3      | Paralysed by Grinder for 2 turns
  2110 | D:3      | Paralysed by Grinder for 6 turns
  2115 | D:3      | Slain by Grinder

Skill      XL: |  1  2  3  4 |
---------------+-------------+-----
Stealth        | 1 2 3 |  3.3
Unarmed Combat | 4 |  4.6
Fighting       | |  1.0
Dodging        | |  2.0
Spellcasting   | |  2.0
Transmutations | |  2.8

Action                   |  1- 3 |  4- 6 || total
-------------------------+-------+-------++-------
Melee: Unarmed           |    92 |    27 ||   119
       Constrict         |    25 |     7 ||    32
       Punch             |     4 |       ||     4
       Tentacles         |     8 |     5 ||    13
 Cast: Sticks to Snakes  |       |     2 ||     2
  Use: Potion            |     5 |       ||     5
 Stab: Sleeping          |     8 |     3 ||    11
  Eat: Chunk             |       |     3 ||     3
Armor: Skin              |     4 |     1 ||     5
Dodge: Dodged            |    44 |    15 ||    59
